 Dungeon Crawl Stone Soup version 0.30-a0-918-g0ff054e9dc (webtiles) character file.

Game seed: 568412079886494831

34 Demosthentine the Ducker (level 3, -2/28 HPs)
             Began as a Demonspawn Gladiator on Mar 20, 2023.
             Killed from afar by Natasha (6 damage)
             ... with a magic dart
             ... on level 3 of the Dungeon.
             The game lasted 00:00:52 (677 turns).

Demosthentine the Ducker (Demonspawn Gladiator)      Turns: 677, Time: 00:00:54

Health: -2/28      AC:  6    Str: 16    XL:     3   Next: 14%
Magic:  3/3        EV:  9    Int:  7    God:
Gold:   68         SH:  0    Dex: 14    Spells: 2/2 levels left

rFire   . . .      SeeInvis .    a - +0 trident
rCold   . . .      Faith    .    (no shield)
rNeg    . . .      Spirit   .    f - +2 leather armour {rPois}
rPois   +          Reflect  .    (helmet restricted)
rElec   .          Rampage  .    (no cloak)
rCorr   .                        (no gloves)
Will    .....                    (no boots)
Stlth   +                        h - amulet of magic regeneration
HPRegen 0.24/turn                (no ring)
MPRegen 0.48/turn                (no ring)

@: brilliant, grasped by roots, flying, slowed, constricted, very slow
A: demonic touch 1, antennae 1, dopey 1, shaggy fur 1
a: no special abilities


You were on level 3 of the Dungeon.
You visited 1 branch of the dungeon, and saw 3 of its levels.

You collected 68 gold pieces.

Inventory:

Hand Weapons
 a - a +0 trident (weapon)
Missiles
 d - 3 throwing nets (quivered)
 e - a javelin
 j - 5 silver javelins
Armour
 c - a +0 helmet
 f - a +2 leather armour of poison resistance (worn)
Jewellery
 h - an amulet of magic regeneration (around neck)
Potions
 i - a potion of cancellation {unknown}
 k - a potion of heal wounds {unknown}
 l - a potion of flight


   Skills:
 + Level 2.4 Fighting
 + Level 3.0 Polearms
 - Level 1.7 Throwing
 + Level 1.0 Armour
 + Level 3.0 Dodging


You had 2 spell levels left.
You didn't know any spells.
Your spell library was empty.

Dungeon Overview and Level Annotations

Branches:
Dungeon (2/15)

Altars:

Annotations:
D:3 Natasha


Innate Abilities, Weirdness & Mutations

Your touch may inflict minor irresistible damage on your foes.
You have a pair of small antennae on your head.
You are dopey. (Int -2)
You are covered in fur. (AC +1)


Message History

The shadow imp attacks as you move away!
The shadow imp hits you but does no damage.
Natasha zaps a wand.
The roots erupt in riotous growth!
The grasping roots grab you! The grasping roots constrict you.
You hear an angry hiss.
You escape the roots grasp.
The kobold attacks as you move away! The kobold hits you with a +0 whip.
The kobold hits you but does no damage. The white imp gestures at you.
The puff of frost hits you.
* * * LOW HITPOINT WARNING * * *
The kobold attacks as you move away! The kobold hits you but does no damage.
Unknown command.
The white imp attacks as you move away!
The white imp hits you but does no damage.
The white imp disappears in a puff of smoke!
An adder comes into view.
You see here a scroll labelled XEAQON WUSSE.
It was a potion of brilliance.
You feel clever all of a sudden.
The adder hisses angrily.
Natasha casts a spell.
Natasha mumbles some strange words.
It was a potion of flight.
You feel very buoyant.
You fly up into the air.
You feel your willpower return. Natasha closely misses you.
It was a potion of mutation.
You feel extremely strange. A pair of antennae grows on your head!
Your +0 helmet falls away!
You feel stupid. Fur sprouts all over your body.
Natasha zaps a wand.
The roots erupt in riotous growth!
The grasping roots grab you!
The adder is unaffected.
Natasha is unaffected.
The grasping roots constrict you.
* * * LOW HITPOINT WARNING * * *
The adder barely misses you. Natasha casts a spell at you.
The magic dart hits you.
You die...

#.# ####.######
#.........#
#.........#
#.........#
#.........#
#.........#
...######5######.#
......S@hK......>#
..#.#####5.#####.
.#####..#
........#
#######.# #.# #..
... ....


You could see Natasha, a crimson imp (summoned), an adder, a shadow imp
(summoned) and a kobold.

Vanquished Creatures
  3 dart slugs (D:1)
  3 ball pythons (D:1)
  4 endoplasms (D:1)
  4 goblins (D:1)
  3 hobgoblins (D:1)
  A kobold (D:1)
  A bat (D:1)
  5 frilled lizards (D:1)
  3 rats (D:1)
27 creatures vanquished.

Notes
Turn   | Place    | Note
-------+----------+-------------------------------------------
     0 | D:1      | Demosthentine the Demonspawn Gladiator began the quest for
                  | the Orb.
     0 | D:1      | Reached XP level 1. HP: 16/16 MP: 1/1
   239 | D:1      | Gained mutation: Your touch may inflict minor irresistible
                  | damage on your foes. [demonic ancestry]
   239 | D:1      | Reached XP level 2. HP: 22/22 MP: 2/2
   475 | D:1      | Reached skill level 1 in Armour
   587 | D:1      | Reached XP level 3. HP: 28/28 MP: 3/3
   660 | D:2      | You fall into a shaft and drop 1 floor!
   663 | D:3      | Noticed Natasha
   677 | D:3      | Gained mutation: You have a pair of small antennae on your
                  | head. [potion of mutation]
   677 | D:3      | Gained mutation: You are dopey. (Int -2) [potion of
                  | mutation]
   677 | D:3      | Gained mutation: You are covered in fur. (AC +1) [potion of
                  | mutation]
   677 | D:3      | Killed from afar by Natasha

Illustrated notes

Levels and vault maps discovered:
D:1:      dpeg_arrival_court, layout_basic
D:2:      minmay_skewed_foursquare, layout_basic
D:3:      layout_basic, uniq_grinder, uniq_crazy_yiuf_cottage, uniq_natasha

Skill      XL: |  1  2 |
---------------+-------+-----
Dodging        | 3 |  3.0
Polearms       | 3 |  3.0
Armour         | 1 |  1.0
Fighting       | |  2.4
Throwing       | |  1.7

Action                     || total
---------------------------++-------
  Melee: Trident           ||    63
         Touch             ||     4
    Use: Potion            ||     3
         Scroll            ||     2
   Stab: Sleeping          ||     1
 Armour: Leather armour    ||    17
  Dodge: Dodged            ||    21

Table legend: (Time is in decaauts)
 A = Elapsed time spent in this place.
 B = Non-inter-level travel time spent in this place.
 C = Inter-level travel time spent in this place.
 D = Time resting spent in this place.
 E = Time spent auto-exploring this place.
 F = Levels seen in this place.
 G = Mean time per level.
                   A        B        C        D        E       F      G
               +--------+--------+--------+--------+--------+-----+--------+
         Total |    690 |    690 |      0 |      0 |    491 |   3 |  230.0 |
       Dungeon |    690 |    690 |      0 |      0 |    491 |   3 |  230.0 |
               +--------+--------+--------+--------+--------+-----+--------+

Top non-repeatable levels by time:
     D:1: 648 daAuts
     D:3: 20 daAuts
     D:2: 20 daAuts
